General information
- name: BNet
- type: Ladder team game (AT/RT)
- host: Battle.net
- saver: AlcoholicPeons
map: Battleground
- players: 8
- length: 14:55
- speed: Fast
- version: 1.28 W3XP
- replay type: Public
» download(138 KB)
Players
team 1 (winner)

»
get.crunk.bia (
red | 87 APM | 1296 actions | 14:55)
4 Priestess of the Moon
2 Trueshot Aura
2 Searing Arrows
» actions
| Assign group hotkey | 237 | |
| Basic commands | 69 | |
| Build / train | 56 | |
| ESC pressed | 1 | |
| Enter build submenu | 12 | |
| Enter hero's abilities submenu | 4 | |
| Remove unit from queue | 1 | |
| Right click | 415 | |
| Select / deselect | 145 | |
| Select group hotkey | 319 | |
| Use ability | 37 | |
1296 total
» units
| Wisp | 12 | |
| Archer | 11 | |
| Dryad | 5 | |
| Druid of the Claw | 3 | |
31 total
» upgrades
| Druid of the Claw Training | 2 | |
| Abolish Magic | 1 | |
| Well Spring | 1 | |
| Strength of the Wild | 1 | |
| Mark of the Claw | 1 | |
| Nature's Blessing | 1 | |
| Reinforced Hides | 1 | |
8 total
» buildings
| Altar of Elders | 1 | |
| Moon Well | 6 | |
| Ancient of War | 1 | |
| Tree of Ages | 2 | |
| Ancient of Wonders | 1 | |
| Hunter's Hall | 1 | |
| Ancient of Lore | 2 | |
| Tree of Eternity | 2 | |
16 total
» build order
00:07 Altar of Elders
00:19 Moon Well
00:55 Ancient of War
01:27 Moon Well
02:59 Moon Well
03:06 Tree of Ages
03:06 Tree of Ages
03:19 Ancient of Wonders
05:31 Hunter's Hall
07:31 Ancient of Lore
07:32 Ancient of Lore
07:34 Tree of Eternity
07:34 Tree of Eternity
08:56 Moon Well
13:16 Moon Well
13:24 Moon Well
» items
| Dust of Appearance | 1 | |
| Staff of Teleportation | 1 | |
| Lesser Clarity Potion | 1 | |
| Scroll of Town Portal | 1 | |
4 total
wiesel1986 (
green | 30 APM | 451 actions | 14:55)
2 Tauren Chieftain
1 War Stomp
1 Endurance Aura
» actions
| Build / train | 27 | |
| Enter build submenu | 22 | |
| Enter hero's abilities submenu | 2 | |
| Give item / drop item | 1 | |
| Right click | 172 | |
| Select / deselect | 165 | |
| Use ability | 62 | |
451 total
» units
» upgrades
» buildings
| Orc Burrow | 6 | |
| Barracks | 1 | |
| Altar of Storms | 1 | |
| Voodoo Lounge | 1 | |
| War Mill | 1 | |
| Stronghold | 1 | |
| Watch Tower | 6 | |
| Beastiary | 2 | |
| Spirit Lodge | 1 | |
20 total
» build order
00:38 Orc Burrow
00:52 Barracks
01:11 Altar of Storms
01:25 Orc Burrow
01:53 Voodoo Lounge
02:35 Orc Burrow
03:47 War Mill
05:16 Stronghold
05:38 Watch Tower
08:01 Beastiary
08:08 Beastiary
08:14 Spirit Lodge
08:25 Watch Tower
08:32 Watch Tower
08:42 Watch Tower
11:09 Orc Burrow
11:22 Watch Tower
13:04 Orc Burrow
14:30 Orc Burrow
14:51 Watch Tower
» items
| Healing Salve | 1 | |
| Lesser Clarity Potion | 1 | |
| Scroll of Speed | 1 | |
| Potion of Healing | 1 | |
4 total

»
PureAppleJuice (
pink | 69 APM | 1035 actions | 14:55)
5 Demon Hunter
3 Mana Burn
2 Evasion
3 Priestess of the Moon
2 Trueshot Aura
1 Searing Arrows
» actions
| Assign group hotkey | 16 | |
| Basic commands | 2 | |
| Build / train | 48 | |
| Enter build submenu | 16 | |
| Enter hero's abilities submenu | 8 | |
| Give item / drop item | 3 | |
| Remove unit from queue | 1 | |
| Right click | 558 | |
| Select / deselect | 212 | |
| Select group hotkey | 126 | |
| Use ability | 45 | |
1035 total
» units
» upgrades
| Reinforced Hides | 2 | |
| Strength of the Wild | 2 | |
| Abolish Magic | 1 | |
| Ultravision | 1 | |
| Druid of the Talon Training | 1 | |
7 total
» buildings
| Altar of Elders | 1 | |
| Ancient of War | 1 | |
| Moon Well | 7 | |
| Tree of Ages | 1 | |
| Hunter's Hall | 1 | |
| Ancient of Wonders | 1 | |
| Ancient of Wind | 1 | |
| Ancient of Lore | 2 | |
| Tree of Eternity | 1 | |
| Tree of Life | 1 | |
17 total
» build order
00:11 Altar of Elders
00:20 Ancient of War
00:30 Moon Well
01:44 Moon Well
02:09 Moon Well
03:27 Tree of Ages
04:17 Hunter's Hall
04:58 Ancient of Wonders
06:02 Ancient of Wind
06:30 Ancient of Lore
06:35 Ancient of Lore
08:04 Moon Well
08:07 Moon Well
10:51 Moon Well
12:08 Moon Well
12:24 Tree of Eternity
13:55 Tree of Life
» items
| Scroll of Town Portal | 1 | |
| Dust of Appearance | 1 | |
2 total

»
Onlyz (
teal | 70 APM | 1044 actions | 14:55)
4 Death Knight
2 Unholy Aura
2 Death Coil
» actions
| Assign group hotkey | 16 | |
| Basic commands | 32 | |
| Build / train | 44 | |
| Enter build submenu | 19 | |
| Enter hero's abilities submenu | 5 | |
| Remove unit from queue | 1 | |
| Right click | 709 | |
| Select / deselect | 171 | |
| Select group hotkey | 19 | |
| Use ability | 28 | |
1044 total
» units
| Acolyte | 7 | |
| Ghoul | 4 | |
| Crypt Fiend | 17 | |
| Frost Wyrm | 2 | |
30 total
» upgrades
| Creature Attack | 2 | |
| Web | 1 | |
| Creature Carapace | 1 | |
4 total
» buildings
| Altar of Darkness | 1 | |
| Ziggurat | 7 | |
| Crypt | 2 | |
| Graveyard | 1 | |
| Spirit Tower | 1 | |
| Tomb of Relics | 1 | |
| Halls of the Dead | 1 | |
| Black Citadel | 1 | |
| Sacrificial Pit | 1 | |
| Boneyard | 1 | |
17 total
» build order
00:10 Altar of Darkness
00:14 Ziggurat
00:38 Crypt
00:45 Crypt
01:14 Ziggurat
01:30 Graveyard
02:23 Ziggurat
02:54 Spirit Tower
03:43 Tomb of Relics
05:01 Ziggurat
05:23 Halls of the Dead
08:53 Black Citadel
10:38 Sacrificial Pit
10:39 Ziggurat
12:02 Boneyard
12:23 Ziggurat
13:50 Ziggurat
» items
team 2 (loser)
YOU_ARE_NOOB! (
blue | 52 APM | 755 actions | 14:29)
3 Blademaster
2 Wind Walk
1 Critical Strike
3 Shadow Hunter
2 Healing Wave
1 Hex
» actions
| Assign group hotkey | 5 | |
| Build / train | 56 | |
| Enter build submenu | 9 | |
| Enter hero's abilities submenu | 6 | |
| Give item / drop item | 2 | |
| Right click | 381 | |
| Select / deselect | 195 | |
| Select group hotkey | 27 | |
| Use ability | 72 | |
755 total
» units
» upgrades
» buildings
| Altar of Storms | 1 | |
| Orc Burrow | 5 | |
| Voodoo Lounge | 1 | |
| Stronghold | 1 | |
| War Mill | 1 | |
| Beastiary | 2 | |
11 total
» build order
00:12 Altar of Storms
00:17 Orc Burrow
00:58 Voodoo Lounge
02:28 Orc Burrow
02:56 Stronghold
03:36 Orc Burrow
04:45 War Mill
05:53 Beastiary
05:54 Beastiary
08:36 Orc Burrow
09:18 Orc Burrow
» items
| Healing Salve | 4 | |
| Lesser Clarity Potion | 9 | |
| Scroll of Speed | 4 | |
| Circlet of Nobility | 3 | |
| Boots of Speed | 2 | |
| Scroll of Town Portal | 1 | |
23 total
lvlib (
yellow | 50 APM | 733 actions | 14:33)
3 Paladin
2 Holy Light
1 Divine Shield
» actions
| Assign group hotkey | 24 | |
| Build / train | 61 | |
| ESC pressed | 1 | |
| Enter build submenu | 18 | |
| Enter hero's abilities submenu | 3 | |
| Remove unit from queue | 1 | |
| Right click | 329 | |
| Select / deselect | 139 | |
| Select group hotkey | 95 | |
| Use ability | 62 | |
733 total
» units
| Peasant | 9 | |
| Footman | 16 | |
| Archer | 7 | |
| Huntress | 1 | |
33 total
» upgrades
| Defend | 1 | |
| Masonry | 2 | |
| Plating | 2 | |
| Swords | 1 | |
| Lumber Harvesting | 1 | |
| Improved Bows | 1 | |
8 total
» buildings
| Barracks | 1 | |
| Farm | 8 | |
| Altar of Kings | 1 | |
| Lumber Mill | 2 | |
| Scout Tower | 4 | |
| Guard Tower | 3 | |
| Arcane Vault | 1 | |
| Blacksmith | 1 | |
| Arcane Tower | 1 | |
| Keep | 1 | |
| Castle | 1 | |
24 total
» build order
00:21 Barracks
00:53 Farm
01:15 Altar of Kings
01:31 Farm
01:41 Lumber Mill
02:40 Farm
02:46 Scout Tower
03:12 Farm
03:14 Farm
03:34 Guard Tower
03:39 Arcane Vault
04:20 Blacksmith
04:31 Scout Tower
05:36 Arcane Tower
05:47 Scout Tower
07:00 Guard Tower
07:04 Keep
07:33 Farm
07:35 Farm
07:36 Farm
08:15 Scout Tower
08:28 Lumber Mill
08:51 Guard Tower
11:22 Castle
» items
| Lesser Clarity Potion | 5 | |
| Scroll of Regeneration | 1 | |
| Potion of Mana | 1 | |
| Scroll of Town Portal | 2 | |
9 total

»
nynjah (
orange | 65 APM | 760 actions | 11:45)
4 Demon Hunter
2 Immolation
2 Evasion
1 Warden
1 Fan of Knives
» actions
| Assign group hotkey | 63 | |
| Basic commands | 39 | |
| Build / train | 46 | |
| Enter build submenu | 14 | |
| Enter hero's abilities submenu | 5 | |
| Remove unit from queue | 2 | |
| Right click | 286 | |
| Select / deselect | 147 | |
| Select group hotkey | 126 | |
| Use ability | 32 | |
760 total
» units
» upgrades
» buildings
| Altar of Elders | 1 | |
| Moon Well | 5 | |
| Ancient of War | 2 | |
| Ancient of Wonders | 1 | |
| Hunter's Hall | 1 | |
| Tree of Ages | 4 | |
| Ancient Protector | 1 | |
| Tree of Life | 1 | |
16 total
» build order
00:12 Altar of Elders
00:21 Moon Well
00:36 Ancient of War
01:33 Moon Well
02:06 Ancient of War
02:16 Ancient of Wonders
02:58 Moon Well
04:25 Hunter's Hall
04:52 Moon Well
05:44 Tree of Ages
05:44 Tree of Ages
05:44 Tree of Ages
05:44 Tree of Ages
09:00 Ancient Protector
10:35 Tree of Life
10:56 Moon Well
» items
| Moonstone | 2 | |
| Potion of Healing | 1 | |
3 total
Chat log
(01:02 / Allies) lvlib: go rush
(05:03 / Allies) YOU_ARE_NOOB!: items..
(05:05 / Allies) YOU_ARE_NOOB!: jesuss
(05:08 / Allies) YOU_ARE_NOOB!: u retard?
(07:15 / Allies) lvlib: b
(07:22 / Allies) lvlib: b
(08:38 / All) Onlyz: lol
(08:44 / All) Onlyz: at those peons at the tavern
(11:14 / All) AlcoholicPeons: what do you have against a drink bub?
(11:34 / All) nynjah: purple is a baby
(11:39 / All) Onlyz: they are awesoe
(12:21 / All) YOU_ARE_NOOB!: Retard btich elf and afker
(12:26 / All) PureAppleJuice: lol
(12:28 / All) YOU_ARE_NOOB!: yellwo retard too with ls on his footy
(12:34 / All) PureAppleJuice: u noob
(12:37 / All) PureAppleJuice: wyv v fiend lol
(12:38 / All) YOU_ARE_NOOB!: u ucnt
(12:40 / All) YOU_ARE_NOOB!: i am 12:0
(12:47 / All) YOU_ARE_NOOB!: my first lose on this acc
(12:48 / All) PureAppleJuice: not any more
(12:48 / All) YOU_ARE_NOOB!: Fukin btich
(12:49 / All) PureAppleJuice: lol
(12:50 / All) PureAppleJuice: lolololol
(12:54 / All) PureAppleJuice: ahahahaha
(13:09 / All) get.crunk.bia: luckelz u never play alone ;)
(13:27 / All) YOU_ARE_NOOB!: yellow is retard with no mciro
(13:28 / All) YOU_ARE_NOOB!: and only foots
(13:30 / All) YOU_ARE_NOOB!: no chance
(13:33 / All) YOU_ARE_NOOB!: if i was alone fro mstart
(13:36 / All) YOU_ARE_NOOB!: i win easy with mass
(13:42 / All) PureAppleJuice: Pls shush noob
(13:46 / All) PureAppleJuice: it's over
(14:23 / All) YOU_ARE_NOOB!: its no chance
(14:25 / All) YOU_ARE_NOOB!: with retard team
(14:26 / All) YOU_ARE_NOOB!: bye
(14:53 / All) AlcoholicPeons: buncha teetotalers